2046 views
Uploaded 2024-05-28 10:19:02
Game version 1.36 (6115)
15:48 long 2on2 ladder game on (4)TurtleRock_S2
Saved by awayftsun
2046 views
Uploaded 2024-05-28 10:19:02
Game version 1.36 (6115)
15:48 long 2on2 ladder game on (4)TurtleRock_S2


63 units @ 9k
/ 0.9k
21 buildings @ 3.5k
/ 1.2k

| Potion of Healing | 1 | 150 |
| Healing Salve | 3 | 300 |
| total: | 4 | 450g |
| Wisp | 10 | 600 | / | 0 |
| Archer | 1 | 130 | / | 10 |
| Huntress | 25 | 4875 | / | 500 |
| total: | 36 | 5605g | / | 510w |
| Ancient Protector | 1 | 135 | / | 80 |
| Altar of Elders | 1 | 180 | / | 50 |
| Moon Well | 4 | 720 | / | 160 |
| Ancient of War | 3 | 450 | / | 180 |
| Hunter's Hall | 1 | 210 | / | 100 |
| Tree of Ages | 2 | 640 | / | 360 |
| Tree of Eternity | 1 | 330 | / | 200 |
| total: | 10 | 1695g | / | 570w |
| 0:02 | Altar of Elders |
| 0:02 | Wisp |
| 0:03 | Wisp |
| 0:18 | Moon Well |
| 0:23 | Wisp |
| 0:27 | Ancient of War |
| 0:30 | Wisp |
| 0:31 | Ancient of War |
| 0:45 | Wisp |
| 0:46 | Wisp |
| 0:57 | Wisp |
| 0:58 | Wisp |
| 1:32 | Archer |
| 1:34 | Moon Well |
| 1:40 | Wisp |
| 1:41 | Wisp |
| 2:17 | Hunter's Hall |
| 2:21 | Moon Well |
| 2:46 | Ancient of War |
| 2:49 | Searing Arrows |
| 3:00 | Moon Well |
| 3:21 | Huntress |
| 3:41 | Huntress |
| 3:48 | Huntress |
| 4:04 | Moon Armor |
| 4:35 | Huntress |
| 5:02 | Huntress |
| 5:04 | Trueshot Aura |
| 5:22 | Huntress |
| 5:37 | Healing Salve |
| 5:51 | Huntress |
| 6:19 | Huntress |
| 6:24 | Strength of the Moon |
| 6:40 | Huntress |
| 7:05 | Huntress |
| 7:08 | Trueshot Aura |
| 7:24 | Tree of Ages |
| 7:56 | Huntress |
| 8:12 | Huntress |
| 8:16 | Searing Arrows |
| 8:26 | Huntress |
| 8:53 | Huntress |
| 9:03 | Huntress |
| 9:16 | Ancient Protector |
| 9:45 | Moon Glaive |
| 9:58 | Improved Strength of the Moon |
| 10:10 | Huntress |
| 10:26 | Improved Moon Armor |
| 10:56 | Huntress |
| 11:13 | Huntress |
| 11:41 | Healing Salve |
| 11:51 | Huntress |
| 12:18 | Huntress |
| 12:33 | Huntress |
| 13:48 | Trueshot Aura |
| 13:54 | Huntress |
| 14:26 | Tree of Eternity |
| 14:38 | Potion of Healing |
| 15:18 | Huntress |
| 15:27 | Huntress |
| 15:58 | Healing Salve |
| 16:12 | Huntress |
| Right click | 1035 |
| Select group | 425 |
| Assign group | 361 |
| Select | 227 |
| Misc. action | 134 |
| Build/train/purchase | 93 |
| Use ability | 13 |
| Minimap ping | 2 |
| Item give/drop | 1 |
| Esc | 1 |


| Lesser Clarity Potion | 3 | 210 |
| Healing Salve | 4 | 400 |
| Potion of Healing | 3 | 450 |
| Potion of Mana | 1 | 200 |
| total: | 11 | 1260g |
| Peon | 7 | 525 | / | 0 |
| Troll Headhunter | 19 | 2660 | / | 380 |
| Spirit Walker | 1 | 195 | / | 35 |
| total: | 27 | 3380g | / | 415w |
| Altar of Storms | 1 | 180 | / | 50 |
| Orc Burrow | 4 | 640 | / | 160 |
| War Mill | 1 | 205 | / | 0 |
| Barracks | 2 | 360 | / | 100 |
| Voodoo Lounge | 1 | 130 | / | 30 |
| Beastiary | 1 | 145 | / | 140 |
| Tauren Totem | 1 | 135 | / | 155 |
| Stronghold | 1 | 315 | / | 190 |
| Fortress | 1 | 325 | / | 190 |
| total: | 11 | 1795g | / | 635w |
| 0:02 | Altar of Storms |
| 0:03 | Peon |
| 0:03 | Peon |
| 0:08 | Orc Burrow |
| 0:36 | War Mill |
| 0:43 | Peon |
| 0:59 | Peon |
| 1:09 | Peon |
| 1:22 | Peon |
| 1:29 | Barracks |
| 1:35 | Peon |
| 1:52 | Orc Burrow |
| 2:09 | Voodoo Lounge |
| 2:15 | War Stomp |
| 2:24 | Barracks |
| 2:37 | Troll Headhunter |
| 2:59 | Troll Headhunter |
| 3:13 | Orc Burrow |
| 3:22 | Troll Headhunter |
| 3:38 | Troll Headhunter |
| 3:51 | Troll Headhunter |
| 4:02 | Troll Headhunter |
| 4:29 | Troll Headhunter |
| 4:50 | Troll Headhunter |
| 5:26 | Troll Headhunter |
| 5:43 | Troll Headhunter |
| 5:46 | Steel Armor |
| 5:58 | Lesser Clarity Potion |
| 6:02 | Healing Salve |
| 6:32 | Endurance Aura |
| 6:58 | Stronghold |
| 7:01 | Orc Burrow |
| 7:07 | Steel Ranged Weapons |
| 7:08 | Spiked Barricades |
| 7:09 | Troll Headhunter |
| 7:26 | Troll Headhunter |
| 7:53 | War Stomp |
| 9:06 | Troll Headhunter |
| 9:19 | Troll Headhunter |
| 9:34 | Troll Regeneration |
| 9:59 | Troll Headhunter |
| 10:30 | Troll Headhunter |
| 10:42 | Healing Wave |
| 10:56 | Troll Headhunter |
| 11:09 | Endurance Aura |
| 11:31 | Beastiary |
| 11:34 | Tauren Totem |
| 11:36 | Potion of Healing |
| 11:41 | Lesser Clarity Potion |
| 11:49 | Healing Salve |
| 12:03 | Troll Headhunter |
| 12:16 | Troll Headhunter |
| 12:42 | Fortress |
| 13:43 | Spirit Walker |
| 13:44 | Spirit Walker Adept Training |
| 14:28 | Potion of Healing |
| 14:31 | Healing Salve |
| 14:34 | Potion of Mana |
| 14:39 | Lesser Clarity Potion |
| 15:11 | Potion of Healing |
| 15:14 | Serpent Ward |
| 15:44 | Healing Salve |
| Right click | 955 |
| Select group | 483 |
| Select | 251 |
| Misc. action | 140 |
| Build/train/purchase | 83 |
| Assign group | 63 |
| Use ability | 21 |
| Chat | 8 |
| Minimap ping | 5 |
| Item give/drop | 2 |
| Remove unit | 2 |
64 units @ 8.9k
/ 0.8k
41 buildings @ 4.4k
/ 2.1k


| Lesser Clarity Potion | 1 | 70 |
| Scroll of Regeneration | 1 | 100 |
| total: | 2 | 170g |
| Peasant | 10 | 750 | / | 0 |
| Rifleman | 19 | 3895 | / | 570 |
| total: | 29 | 4645g | / | 570w |
| Scout Tower | 5 | 150 | / | 100 |
| Arcane Tower | 1 | 70 | / | 50 |
| Altar of Kings | 1 | 180 | / | 50 |
| Farm | 6 | 480 | / | 120 |
| Blacksmith | 2 | 280 | / | 120 |
| Barracks | 1 | 160 | / | 60 |
| Arcane Vault | 1 | 130 | / | 30 |
| Lumber Mill | 1 | 120 | / | 0 |
| Town Hall | 1 | 385 | / | 205 |
| Keep | 1 | 320 | / | 210 |
| Castle | 1 | 360 | / | 210 |
| total: | 18 | 1885g | / | 685w |
| 0:02 | Peasant |
| 0:02 | Peasant |
| 0:21 | Peasant |
| 0:21 | Peasant |
| 0:32 | Altar of Kings |
| 0:43 | Peasant |
| 0:46 | Farm |
| 0:50 | Blacksmith |
| 0:52 | Blacksmith |
| 1:04 | Barracks |
| 1:11 | Peasant |
| 1:19 | Farm |
| 1:26 | Peasant |
| 1:37 | Peasant |
| 1:46 | Peasant |
| 1:52 | Farm |
| 2:10 | Rifleman |
| 2:37 | Rifleman |
| 2:46 | Holy Light |
| 3:07 | Rifleman |
| 3:22 | Rifleman |
| 3:25 | Farm |
| 3:28 | Black Gunpowder |
| 3:32 | Devotion Aura |
| 4:05 | Rifleman |
| 4:10 | Scout Tower |
| 4:12 | Arcane Vault |
| 4:37 | Rifleman |
| 4:59 | Rifleman |
| 5:02 | Farm |
| 5:04 | Studded Leather Armor |
| 5:44 | Keep |
| 5:46 | Arcane Tower |
| 6:22 | Rifleman |
| 6:25 | Holy Light |
| 6:29 | Rifleman |
| 6:33 | Farm |
| 6:39 | Lumber Mill |
| 7:25 | Rifleman |
| 8:04 | Devotion Aura |
| 8:13 | Long Rifles |
| 8:40 | Rifleman |
| 8:47 | Rifleman |
| 9:11 | Siphon Mana |
| 9:34 | Scout Tower |
| 9:34 | Scout Tower |
| 9:35 | Scout Tower |
| 9:35 | Scout Tower |
| 9:57 | Rifleman |
| 9:58 | Refined Gunpowder |
| 10:09 | Lesser Clarity Potion |
| 10:10 | Scroll of Regeneration |
| 10:22 | Rifleman |
| 10:54 | Rifleman |
| 11:11 | Rifleman |
| 11:27 | Peasant |
| 14:18 | Rifleman |
| 14:39 | Rifleman |
| 14:41 | Reinforced Leather Armor |
| 14:42 | Castle |
| 15:32 | Devotion Aura |
| 15:58 | Rifleman |
| 15:59 | Flame Strike |
| 16:08 | Town Hall |
| Right click | 730 |
| Select group | 442 |
| Select | 318 |
| Misc. action | 231 |
| Build/train/purchase | 65 |
| Use ability | 39 |
| Assign group | 36 |
| Minimap ping | 5 |
| Resource trade | 4 |
| Esc | 1 |


| Scroll of Healing | 1 | 250 |
| Boots of Speed | 1 | 250 |
| Potion of Lesser Invulnerability | 1 | 150 |
| total: | 3 | 650g |
| Peasant | 15 | 1125 | / | 0 |
| Footman | 10 | 1350 | / | 0 |
| Priest | 7 | 945 | / | 70 |
| Gryphon Rider | 3 | 840 | / | 210 |
| total: | 35 | 4260g | / | 280w |
| Scout Tower | 5 | 150 | / | 100 |
| Arcane Tower | 2 | 140 | / | 100 |
| Guard Tower | 1 | 70 | / | 50 |
| Altar of Kings | 1 | 180 | / | 50 |
| Barracks | 1 | 160 | / | 60 |
| Farm | 7 | 560 | / | 140 |
| Town Hall | 1 | 385 | / | 205 |
| Lumber Mill | 1 | 120 | / | 0 |
| Arcane Vault | 1 | 130 | / | 30 |
| Blacksmith | 1 | 140 | / | 60 |
| Arcane Sanctum | 1 | 150 | / | 140 |
| Gryphon Aviary | 4 | 560 | / | 600 |
| Keep | 1 | 320 | / | 210 |
| Castle | 1 | 360 | / | 210 |
| total: | 23 | 2535g | / | 1385w |
| 0:01 | Peasant |
| 0:04 | Altar of Kings |
| 0:08 | Peasant |
| 0:18 | Barracks |
| 0:19 | Peasant |
| 0:33 | Farm |
| 0:45 | Peasant |
| 0:47 | Farm |
| 1:17 | Peasant |
| 1:18 | Peasant |
| 1:19 | Footman |
| 1:30 | Scout Tower |
| 1:38 | Footman |
| 1:47 | Peasant |
| 1:51 | Footman |
| 2:04 | Peasant |
| 2:10 | Summon Water Elemental |
| 2:37 | Keep |
| 2:40 | Farm |
| 2:46 | Farm |
| 3:32 | Brilliance Aura |
| 3:52 | Town Hall |
| 4:10 | Footman |
| 4:10 | Defend |
| 4:42 | Footman |
| 4:42 | Footman |
| 5:24 | Brilliance Aura |
| 5:33 | Footman |
| 5:37 | Arcane Sanctum |
| 5:39 | Arcane Tower |
| 5:42 | Peasant |
| 5:42 | Peasant |
| 5:44 | Scout Tower |
| 5:50 | Scout Tower |
| 5:52 | Peasant |
| 5:52 | Peasant |
| 5:59 | Lumber Mill |
| 6:14 | Peasant |
| 6:14 | Peasant |
| 6:19 | Arcane Tower |
| 6:38 | Farm |
| 6:41 | Peasant |
| 6:44 | Boots of Speed |
| 6:53 | Priest |
| 7:10 | Farm |
| 7:14 | Arcane Vault |
| 7:16 | Guard Tower |
| 8:00 | Footman |
| 8:28 | Summon Water Elemental |
| 9:04 | Castle |
| 9:07 | Priest |
| 9:07 | Priest |
| 9:08 | Priest Adept Training |
| 9:44 | Priest |
| 10:00 | Scout Tower |
| 10:01 | Scout Tower |
| 10:12 | Footman |
| 10:13 | Footman |
| 10:52 | Storm Bolt |
| 11:55 | Blacksmith |
| 11:57 | Priest |
| 11:58 | Gryphon Aviary |
| 11:59 | Gryphon Aviary |
| 12:02 | Gryphon Aviary |
| 12:04 | Gryphon Aviary |
| 12:19 | Scroll of Healing |
| 12:20 | Potion of Lesser Invulnerability |
| 13:33 | Farm |
| 14:40 | Storm Hammers |
| 15:09 | Priest |
| 15:09 | Priest |
| 15:10 | Priest Master Training |
| 15:12 | Gryphon Rider |
| 15:13 | Gryphon Rider |
| 15:14 | Gryphon Rider |
| 15:48 | Thunder Clap |
| 15:57 | Summon Water Elemental |
| Right click | 1083 |
| Select group | 404 |
| Select | 300 |
| Build/train/purchase | 84 |
| Assign group | 23 |
| Use ability | 13 |
| Chat | 7 |
| Misc. action | 1 |
| Item give/drop | 1 |
| Minimap ping | 1 |